 Dungeon Crawl Stone Soup version 0.31-a0-182-gc5ef74bbde (webtiles) character file.

Game seed: 64488432391920034

1 Hajna the Chopper (level 1, -1/20 HPs)
             Began as a Hill Orc Monk on June 21, 2023.
             Slain by a rat (3 damage)
             ... on level 1 of the Dungeon.
             The game lasted 00:00:19 (46 turns).

Hajna the Chopper (Hill Orc Monk)                     Turns: 46, Time: 00:00:20

Health: -1/20      AC:  2    Str: 13    XL:     1   Next: 20%
Magic:  1/1        EV: 12    Int: 10    God:
Gold:   0          SH:  0    Dex: 13    Spells: 0/0 levels left

rFire   . . .        a - +0 hand axe
rCold   . . .        d - orb {light}
rNeg    . . .        b - +0 robe
rPois   .            (no helmet)
rElec   .            (no cloak)
rCorr   .            (no gloves)
SInv    .            (no boots)
Will    .....        (no amulet)
Stlth   +            (no ring)
HPRegen 0.23/turn    (no ring)
MPRegen 0.07/turn

%: no passive effects
@: glowing
A: no striking features
a: no special abilities


You were on level 1 of the Dungeon.
You visited 1 branch of the dungeon, and saw 1 of its levels.

Inventory:

Hand Weapons
 a - a +0 hand axe (weapon)
Armour
 b - a +0 robe (worn)
 d - an orb of light (worn)
Scrolls
 e - a scroll of identify {unknown}
Potions
 c - a potion of ambrosia


   Skills:
 + Level 3.6 Fighting
 + Level 4.0 Axes
 + Level 2.4 Dodging


You couldn't memorise any spells.
You didn't know any spells.
Your spell library was empty.

Dungeon Overview and Level Annotations

Branches:
Dungeon (1/15)

Altars:

Shops:
D:1 ?


Message History

A ball python comes into view.
The ball python hisses angrily.
Found a scroll labelled QAKENWEBLUIBE.
Found Fefyushrazu's Magic Scroll Shop.
There is an open door here.
You hit the ball python.
You kill the ball python!
No target in view!
No target in view!
No target in view!
No target in view!
e - a scroll labelled QAKENWEBLUIBE
There is an entrance to Fefyushrazu's Magic Scroll Shop here.
A gnoll comes into view. It is wielding a +0 club.
The gnoll shouts!
A rat comes into view.
A jackal comes into view.
A rat comes into view.
A jackal comes into view.
The jackal barks! x2
The gnoll hits you with a +0 club!
You barely miss the gnoll. The gnoll hits you with a +0 club.
You are too injured to fight recklessly!
You are too injured to fight recklessly!
You are too injured to fight recklessly!
You are too injured to fight recklessly!
You are too injured to fight recklessly!
You are too injured to fight recklessly!
You are too injured to fight recklessly!
You hit the gnoll.
The gnoll is lightly wounded.
The gnoll hits you with a +0 club.
You hit the gnoll.
The gnoll is heavily wounded.
You hit the jackal. The jackal barely misses you.
The gnoll hits you with a +0 club.
* * * LOW HITPOINT WARNING * * *
The jackal completely misses you. The gnoll attacks as you move away!
The gnoll hits you with a +0 club.
* * * LOW HITPOINT WARNING * * *
The jackal misses you. The rat attacks as you move away! The rat bites you.
You die...

.......................#.#
.......................#.##
.......................#..+
.......................#.##
.......................#.##
.......................#.##
........rg............†'..'
.........rh............####
#########h@............#
#####.......∩......#
....................#
.........#####...####
.........# #...# .........#
#...# ########## #...#
#####


You could see a gnoll, 2 jackals and 2 rats.

Vanquished Creatures
  A ball python (D:1)
1 creature vanquished.

Notes
Turn   | Place    | Note
-------+----------+-------------------------------------------
     0 | D:1      | Hajna the Hill Orc Monk began the quest for the Orb.
     0 | D:1      | Reached XP level 1. HP: 19/19 MP: 1/1
    18 | D:1      | Found Fefyushrazu's Magic Scroll Shop.
    46 | D:1      | Slain by a rat

Illustrated notes

Levels and vault maps discovered:
D:1:      tarquinn_simple_flora_water_d, layout_basic, serial_shops,
          nicolae_shop_just_a_little_nook, nicolae_shop_bloodbath_and_beyond,
          shop, minmay_small_reverse_x

Action                     || total
---------------------------++-------
  Melee: Hand axe          ||     4
  Dodge: Dodged            ||     3

Table legend: (Time is in decaauts)
 A = Elapsed time spent in this place.
 B = Non-inter-level travel time spent in this place.
 C = Inter-level travel time spent in this place.
 D = Time resting spent in this place.
 E = Time spent auto-exploring this place.
 F = Levels seen in this place.
 G = Mean time per level.
                   A        B        C        D        E       F      G
               +--------+--------+--------+--------+--------+-----+--------+
         Total |     46 |     46 |      0 |      0 |     32 |   1 |   46.0 |
       Dungeon |     46 |     46 |      0 |      0 |     32 |   1 |   46.0 |
               +--------+--------+--------+--------+--------+-----+--------+

Top non-repeatable levels by time:
     D:1: 46 daAuts
